 Dungeon Crawl Stone Soup version 0.18.1-6-gd335043 (webtiles) character file.

156561 inmateoo the Arsonist (level 17, -1/112 HPs)
             Began as an Octopode Fire Elementalist on May 19, 2016.
             Was the Champion of Lugonu.
             Slain by a six-headed hydra (5 damage)
             ... on level 4 of the Swamp.
             The game lasted 02:17:52 (46656 turns).

inmateoo the Arsonist (Octopode Fire Elementalist) Turns: 46656, Time: 02:17:53

Health: -1/112     AC:  2    Str:  8    XL:     17   Next: 67%
Magic:  38/40      EV: 19    Int: 32    God:    Lugonu [******]
Gold:   924        SH:  0    Dex: 16    Spells: 9 memorised, 4 levels left

rFire  + + +     SeeInvis +     y - staff of fire
rCold  . . .     Gourm    .     (no shield)
rNeg   . . .     Faith    .     (helmet restricted)
rPois  +         Spirit   .     u - amulet of regeneration
rElec  .         Dismiss  .     i - +6 ring of intelligence
rCorr  .         Reflect  .     x - ring of see invisible
SustAt .         Harm     .     L - ring "Todumeh" {rF+ Str+2 Dex+2}
MR     ++...     Rnd*Rage +     G - ring of magical power
Stlth  +++++++...               (no ring)
                                (no ring)
                                (no ring)
                                (no ring)

@: repel missiles, very resistant to hostile enchantments, extremely stealthy
A: almost no armour, amphibious, 8 rings, constrict 8, tentacle spike 2, icy
blue scales 1, camouflage 1, agile 1, berserk 1, blink, clever 1, fire
resistance 1, magic resistance 1, poison resistance, weak 1, gelatinous body 1,
subdued magic 1
a: Blink, Depart the Abyss, Bend Space, Banish, Corrupt, Enter the Abyss, Brand
Weapon With Distortion, Renounce Religion


You were on level 4 of the Swamp.
You worshipped Lugonu.
Lugonu was exalted by your worship.
You were not hungry.

You visited 5 branches of the dungeon, and saw 30 of its levels.
You visited the Abyss 1 time.
You also visited: Sewer, Bailey and Ice Cave.

You collected 2827 gold pieces.
You spent 1903 gold pieces at shops.

Inventory:

Hand Weapons
 a - a +3 demon blade of electrocution
 e - a +7 dagger of piercing
 M - the +1 quarterstaff of Cireob {freeze, rC++ Dex+5 SInv}
   (You took it off a kobold on level 10 of the Dungeon)

   It has been specially enchanted to freeze those struck by it, causing extra
   injury to most foes and up to half again as much damage against particularly
   susceptible opponents.
   It can also slow down cold-blooded creatures.
   It affects your dexterity (+5).
   It greatly protects you from cold.
   It lets you see invisible.
Armour
 Q - a +2 buckler
Magical Staves
 c - an uncursed staff of energy
 y - an uncursed staff of fire (weapon)
Rods
 V - a +2 rod of shadows (11/11)
   (You found it on level 14 of the Dungeon)
Jewellery
 i - a +6 ring of intelligence (left tentacle)
 k - the amulet of Fergheh {Spirit rF++ SInv}
   (You found it in a bailey)

   [amulet of guardian spirit]

   It causes incoming damage to be split between your health and magic.
   It greatly protects you from fire.
   It lets you see invisible.
 o - an uncursed ring of ice
 u - an amulet of regeneration (around mantle)
 x - a ring of see invisible (right tentacle)
 G - a ring of magical power (on tentacle)
 L - the ring "Todumeh" (on tentacle) {rF+ Str+2 Dex+2}
   (You found it on level 9 of the Dungeon)

   [ring of protection from fire]

   It affects your strength (+2).
   It affects your dexterity (+2).
   It protects you from fire.
Wands
 z - a wand of digging (12/24)
 H - a wand of acid (8/15)
 P - a wand of iceblast (4/15)
 R - a wand of teleportation (3/9)
 S - a wand of disintegration (11/24)
 T - a wand of lightning (6/15)
 W - a wand of paralysis (9/24)
 Y - a wand of lightning (3/15)
Scrolls
 m - 10 scrolls of remove curse
 q - 5 scrolls of fear
 s - 6 scrolls of teleportation
 t - 5 scrolls of magic mapping
 A - 5 scrolls of enchant armour
 C - 4 scrolls of blinking
 E - 7 scrolls of identify
 U - 5 scrolls of recharging
 Z - a scroll of fog
Potions
 d - 12 potions of curing
 j - 4 potions of haste
 l - 6 potions of agility
 n - 7 potions of heal wounds
 p - 2 potions of flight
 r - 5 potions of might
 B - 2 potions of berserk rage
 D - 11 potions of lignification
 F - 3 potions of invisibility
 I - a potion of cure mutation
 J - a potion of resistance
 N - 5 potions of brilliance
 O - 3 potions of magic
Books
 g - a book of the Earth

   Spells                             Type                      Level
   a - Leda's Liquefaction            Hexes/Earth                  4
   b - Bolt of Magma                  Conjuration/Fire/Earth       5
   c - Statue Form                    Transmutation/Earth          6
   d - Iron Shot                      Conjuration/Earth            6
   e - Shatter                        Earth                        9
 v - a book of Enchantments

   Spells                             Type                      Level
   a - Cause Fear                     Hexes                        4
   b - Yara's Violent Unravelling     Hexes/Transmutation          5
   c - Silence                        Hexes/Air                    5
   d - Deflect Missiles               Charms/Air                   6
   e - Haste                          Charms                       6
   f - Discord                        Hexes                        8
 w - a Necronomicon

   Spells                             Type                      Level
   a - Haunt                          Necromancy/Summoning         7
   b - Borgnjor's Revivification      Necromancy                   8
   c - Death's Door                   Charms/Necromancy            8
   d - Necromutation                  Transmutation/Necromancy     8
Miscellaneous
 h - a phial of floods
 K - a fan of gales
Comestibles
 b - 15 bread rations
 f - 5 meat rations


   Skills:
 - Level 9.0 Fighting
 - Level 5.0 Short Blades
 - Level 4.4 Staves
 - Level 10.0 Dodging
 - Level 13.0 Stealth
 + Level 2.8 Shields
 * Level 4.8 Unarmed Combat
 * Level 10.2 Spellcasting
 - Level 10.0 Conjurations
 + Level 5.9 Transmutations
 - Level 14.0 Fire Magic
 * Level 6.6 Earth Magic
 - Level 13.0 Invocations
 - Level 8.1 Evocations


You had 4 spell levels left.
You knew the following spells:

 Your Spells              Type           Power        Failure   Level  Hunger
a - Flame Tongue          Conj/Fire      #####        0%          1    None
b - Conjure Flame         Conj/Fire      #######.     1%          3    None
c - Iron Shot             Conj/Erth      ######....   14%         6    #####..
d - Sticky Flame          Conj/Fire      #######.     1%          4    None
e - Fireball              Conj/Fire      #######...   1%          5    ###....
f - Ozocubu's Armour      Chrm/Ice       #.......     8%          3    None
g - Repel Missiles        Chrm/Air       ##....       3%          2    None
h - Blink                 Tloc           N/A          3%          2    None
i - Statue Form           Trmt/Erth      #####....    34%         6    #####..


Dungeon Overview and Level Annotations

Branches:
Dungeon (15/15)            Temple (0/1) D:7            Lair (8/8) D:11
  Swamp (4/4) Lair:3        Snake (0/4) Lair:5        Slime (0/6) Lair:7
    Orc (2/2) D:9             Elf (0/3) Orc:2        Vaults (0/5) D:13
 Depths (1/5) D:15

Altars:
Ashenzari
Fedhas
Gozag
Makhleb
Nemelex Xobeh
Okawaru
Qazlal
Yredelemnul
Beogh
Jiyva

Shops:
D:6 :   D:8 !   D:9 *   Orc:2 :*?*

Portals:
Hell: Lair:8
Trove: D:11 (give 5 potions of cure mutation)

Annotations:
Lair:5 exclusion: oklob plant
Abyss:1 Maud


Innate Abilities, Weirdness & Mutations

You cannot wear most types of armour.
You are amphibious.
You can wear up to eight rings at the same time.
You can use your tentacles to constrict eight enemies at once.
Your skin changes colour to match your surroundings (Stealth).
Your rubbery body absorbs attacks (AC +1).
One of your tentacles bears a nasty spike.
You are partially covered in icy blue scales (AC +1).
You are agile. (Dex +2)
You tend to lose your temper in combat.
You can translocate small distances at will.
Your mind is acute. (Int +2)
Your flesh is heat resistant.
You are resistant to hostile enchantments.
Your system is resistant to poisons.
You are weak. (Str -2)
Your spells are a little easier to cast, but a little less powerful.


Message History

The seven-headed hydra bites you!
The seven-headed hydra barely misses you.
The seven-headed hydra bites you! x2
There is a stone staircase leading up, spattered with blood here.
Unknown command.
Unknown command.
Casting: Fireball
Confirm with . or Enter, or press ? or * to list all spells.
You feel protected from missiles. The swamp worm closely misses you.
The seven-headed hydra bites you. The seven-headed hydra bites you!
* * * LOW HITPOINT WARNING * * *
The seven-headed hydra barely misses you.
The seven-headed hydra bites you!
* * * LOW HITPOINT WARNING * * *
The seven-headed hydra barely misses you. x2
The seven-headed hydra bites you!
* * * LOW HITPOINT WARNING * * *
The six-headed hydra completely misses you.
The six-headed hydra misses you. The six-headed hydra bites you.
You die...

*♣≈≈♣♣♣♣♣♣♣♣ * ♣≈≈≈.≈≈≈..≈♣♣
*** * ♣≈≈≈≈≈≈≈≈≈.≈♣♣♣♣♣ ****≈,
♣ *♣.≈≈≈≈≈≈≈≈.....♣♣♣,,≈,≈ ♣
♣.§≈≈≈≈≈≈≈≈≈≈≈≈.≈.≈≈,,≈ ♣
**♣♣♣.≈≈≈≈≈≈.≈≈≈≈≈≈.♣≈≈≈≈≈ ♣
**,≈.≈.≈≈≈≈≈≈≈≈≈≈≈≈≈.≈**≈**
♣♣♣♣♣
*≈,...†.≈D....§≈.≈..≈♣*****
≈...♣♣*,,.≈k≈≈yD@≈......♣****
*,
≈≈≈)≈♣..,..≈.≈.♣w≈≈(≈≈≈.♣**≈**
**
y≈≈.D.≈≈,...≈...♣♣♣.≈≈≈§≈≈♣,≈*
*
y≈≈.†♣♣♣,..≈.,..≈≈.....≈♣♣≈.,**
≈.≈♣♣♣*,≈...≈.≈≈≈≈.♣♣.≈.♣**≈≈,*
♣♣♣♣≈≈,≈,..,.♣♣...≈≈*.≈.≈♣*,≈≈*
***≈,,,,,.*#...≈♣♣#≈,≈§..≈♣****
§≈♣♣≈,,,≈**#*.##*****≈..♣..≈**
**
≈...♣♣≈≈***,,,≈≈,****♣......≈*
*≈


You could see a seven-headed hydra, a six-headed hydra, a swamp worm, a rime
drake and a vampire mosquito.

Vanquished Creatures
  Mara (Swamp:3)
  A thorn hunter (Swamp:4)
  Kirke (Swamp:3)
  2 frost giants (D:14)
  A fire giant (D:14)
  4 vault guards
  An ettin (D:15)
  20 hydras
  7 centaur warriors
  Erolcha (D:9)
  2 catoblepae
  A ghost crab (Swamp:4)
  Erica (D:8)
  4 alligators
  An ogre mage (D:15)
  3 death yaks (Lair:7)
  2 tengu warriors
  An orc high priest (Orc:2)
  A deep elf knight (D:15)
  5 spriggans
  2 fire crabs (Lair:8)
  3 skeletal warriors (D:15)
  2 unseen horrors (D:13)
  A shambling mangrove (Lair:3)
  A spriggan druid (Swamp:3)
  5 hill giants
  4 orc knights (Orc:2)
  7 swamp dragons
  A wolf spider zombie (D:15)
  Pikel (D:4)
  A harpy (shapeshifter) (D:14)
  A wizard (Lair:8)
  4 orc sorcerers
  3 griffons
  12 ugly things
  3 cyclopes
  2 deep elf magi (D:14)
  3 hornets
  4 oklob plants
  5 manticores
  12 elephants
  2 centaur zombies (D:15)
  9 black mambas
  A smoke demon (Lair:8)
  25 spiny frogs
  4 orange demons (Lair:8)
  3 ice statues (IceCv)
  6 rime drakes
  An efreet (D:15)
  2 komodo dragons
  2 kobold demonologists (D:13)
  A freezing wraith (D:15)
  A hellwing (Lair:8)
  2 ice devils (Lair:8)
  8 trolls
  5 giant leeches
  A polar bear (Lair:7)
  6 two-headed ogres
  14 blink frogs
  2 bog bodies (Swamp:1)
  9 slime creatures
  5 shadows
  A water elemental (D:14)
  A tarantella (Bailey)
  A wraith (D:15)
  A vampire (D:13)
  8 basilisks
  58 yaks
  6 hogs (Swamp:3)
  10 wyverns
  A steam dragon (D:9)
  16 vampire mosquitoes
  A hungry ghost (D:14)
  13 hippogriffs
  Menkaure (D:5)
  13 insubstantial wisps
  18 swamp worms
  2 nagas (Lair:5)
  2 soldier ants
  4 wargs
  5 hell hounds
  19 water moccasins
  Duvessa (D:5)
  13 porcupines
  7 swamp drakes
  59 orc warriors
  8 ice beasts
  An eye of draining (D:13)
  A sky beast (D:9)
  A slave (D:4)
  23 ogres
  3 phantoms
  8 wasps
  4 boggarts (D:15)
  A necrophage (D:7)
  18 centaurs
  6 wolves
  19 crocodiles
  6 big kobolds
  12 giant frogs
  3 gnoll sergeants (D:4)
  Dowan (D:5)
  A scorpion (shapeshifter) (D:13)
  6 scorpions
  A wyvern skeleton (D:13)
  2 water moccasin skeletons
  3 electric eels
  3 howler monkeys (D:11)
  12 crimson imps
  2 quasits
  10 hounds
  7 jellies
  Crazy Yiuf (D:5)
  23 orc priests
  4 giant frog skeletons
  6 gnoll shamans
  20 orc wizards
  6 centaur skeletons
  7 iguanas
  9 worker ants
  21 sheep
  A killer bee zombie (D:8)
  A hound skeleton (D:6)
  21 adders
  27 gnolls
  55 river rats
  6 shadow imps
  12 white imps (Lair:3)
  2 oozes
  An adder skeleton (D:9)
  3 worms
  4 dart slugs
  9 giant geckos
  130 orcs
  16 bats
  9 giant cockroaches
  2 goblins
  5 hobgoblins
  30 jackals
  3 quokkas
  5 ball pythons
  A giant gecko zombie (D:5)
  11 giant newts
  A jackal zombie (D:6)
  39 kobolds
  A quokka skeleton (D:4)
  A quokka zombie (D:8)
  14 rats
  3 fungi
  6 plants
1185 creatures vanquished.

Vanquished Creatures (collateral kills)
  2 dire elephants
  An ice dragon (D:15)
  A rime drake (D:15)
  A red devil (Lair:8)
  An insubstantial wisp (Swamp:2)
  A water moccasin (Lair:3)
  2 porcupines (Lair:3)
  A wolf (Lair:3)
  A river rat (Lair:3)
11 creatures vanquished.

Vanquished Creatures (others)
  An orc warlord (Orc:2)
  The ghost of baljet the Fighter, a journeyman VSAs of Makhleb (Lair:5)
  A catoblepas (D:12)
  The ghost of Shtopit the Basher, a journeyman GrBe of Trog (D:12)
  A tengu warrior (D:15)
  A swamp dragon (Swamp:4)
  2 orc knights
  An orc sorcerer (Orc:2)
  An ice devil (Lair:8)
  A swamp worm (Swamp:2)
  3 slaves (D:4)
  3 gnolls (D:4)
  2 jackals (D:4)
  A bush (Lair:6)
  21 fungi
  8 plants
49 creatures vanquished.

Grand Total: 1245 creatures vanquished

Notes
Turn   | Place    | Note
--------------------------------------------------------------
     0 | D:1      | inmateoo the Octopode Fire Elementalist began the quest for the Orb.
     0 | D:1      | Reached XP level 1. HP: 11/11 MP: 3/3
   392 | D:1      | Reached XP level 2. HP: 15/17 MP: 0/5
   927 | D:1      | Reached XP level 3. HP: 9/21 MP: 6/6
   996 | D:1      | Learned a level 3 spell: Conjure Flame
  2256 | D:2      | Reached skill level 4 in Fire Magic
  2288 | D:2      | Learned a level 2 spell: Throw Flame
  2307 | D:2      | Reached XP level 4. HP: 14/27 MP: 5/7
  3623 | D:3      | Reached XP level 5. HP: 26/31 MP: 8/8
  3730 | D:3      | Found a glowing drain.
  3765 | Sewer    | Entered a sewer
  4463 | Sewer    | Reached skill level 5 in Fire Magic
  4871 | D:2      | Cast into level 1 of the Abyss (a distortion unwield)
  4906 | Abyss:2  | Found an iron altar of Okawaru.
  4908 | Abyss:2  | Noticed a titan simulacrum
  4953 | Abyss:2  | Noticed a ynoxinul
  4972 | Abyss:3  | Found a corrupted altar of Lugonu.
  4980 | Abyss:3  | Became a worshipper of Lugonu the Unformed
  4980 | Abyss:3  | Reached * piety under Lugonu
  4985 | D:2      | Escaped the Abyss
  5106 | D:3      | Reached XP level 6. HP: 31/36 MP: 0/10
  5810 | D:4      | Noticed a slave
  5811 | D:4      | Noticed Pikel
  5812 | D:4      | Noticed a slave
  5812 | D:4      | Noticed a slave
  5817 | D:4      | Noticed a slave
  5828 | D:4      | Killed a slave
  5838 | D:4      | Killed Pikel
  5838 | D:4      | Reached skill level 1 in Fighting
  5838 | D:4      | Reached skill level 1 in Short Blades
  5838 | D:4      | Reached skill level 5 in Stealth
  5838 | D:4      | Reached skill level 6 in Fire Magic
  5838 | D:4      | Reached XP level 7. HP: 33/43 MP: 7/11
  5838 | D:4      | Reached XP level 8. HP: 37/48 MP: 7/12
  6474 | D:4      | Reached ** piety under Lugonu
  6842 | D:5      | Entered Level 5 of the Dungeon
  6892 | D:5      | Reached skill level 1 in Invocations
  7216 | D:5      | Noticed Menkaure
  7249 | D:5      | Killed Menkaure
  7249 | D:5      | Reached skill level 7 in Fire Magic
  7249 | D:5      | Reached XP level 9. HP: 29/56 MP: 10/14
  7363 | D:5      | Found a shattered altar of Ashenzari.
  7504 | D:5      | Learned a level 4 spell: Sticky Flame
  7510 | D:5      | Learned a level 5 spell: Fireball
  7556 | D:5      | Noticed Dowan
  7558 | D:5      | Noticed Duvessa
  7690 | D:5      | Killed Duvessa
  7757 | D:5      | Killed Dowan
  8012 | D:5      | Reached *** piety under Lugonu
  8337 | D:5      | Gained mutation: One of your tentacles bears a spike. [potion of mutation]
  8337 | D:5      | Gained mutation: Your mind is acute. (Int +2) [potion of mutation]
  8337 | D:5      | Gained mutation: Your spells are a little easier to cast, but a little less powerful. [potion of mutation]
  8396 | D:5      | Noticed Crazy Yiuf
  8403 | D:5      | Killed Crazy Yiuf
  9175 | D:6      | Found Axtucwir's Book Boutique.
  9547 | D:7      | Found a staircase to the Ecumenical Temple.
  9624 | D:7      | Reached **** piety under Lugonu
  9718 | D:7      | Reached skill level 5 in Conjurations
  9863 | D:7      | Reached skill level 8 in Fire Magic
 10314 | D:8      | Reached XP level 10. HP: 63/63 MP: 16/16
 10496 | D:8      | Found a flagged portal.
 10627 | Bailey   | Entered a bailey
 10631 | Bailey   | Noticed an orc knight
 11187 | Bailey   | Got a scintillating garnet amulet
 11195 | Bailey   | Identified the amulet of Fergheh {Spirit rF++ SInv} (You found it in a bailey)
 11304 | Bailey   | an orc knight changed into a tarantella
 11421 | D:8      | Found Cifeuf Jepn's Distillery.
 11422 | D:8      | Noticed Erica
 11808 | D:8      | Bought a potion of mutation for 30 gold pieces
 11808 | D:8      | Gained mutation: Your mind is very acute. (Int +4) [potion of mutation]
 11808 | D:8      | Lost mutation: Your mind is very acute. (Int +4) [potion of mutation]
 11808 | D:8      | Gained mutation: You tend to lose your temper in combat. [potion of mutation]
 11809 | D:8      | Bought a potion of lignification for 36 gold pieces
 11809 | D:8      | Bought a potion of heal wounds for 60 gold pieces
 11809 | D:8      | Bought a potion of haste for 120 gold pieces
 11809 | D:8      | Bought a potion of curing for 36 gold pieces
 11809 | D:8      | Bought a potion of heal wounds for 60 gold pieces
 11809 | D:8      | Bought a potion of resistance for 120 gold pieces
 11905 | D:8      | Found a basalt altar of Yredelemnul.
 12188 | D:8      | Killed Erica
 12188 | D:8      | Reached skill level 5 in Dodging
 12188 | D:8      | Reached skill level 5 in Invocations
 12407 | D:9      | Reached skill level 9 in Fire Magic
 12449 | D:8      | Reached skill level 5 in Short Blades
 12549 | D:9      | Noticed Erolcha
 12565 | D:9      | Killed Erolcha
 12565 | D:9      | Reached skill level 5 in Spellcasting
 12565 | D:9      | Reached XP level 11. HP: 70/70 MP: 8/18
 12645 | D:9      | Found a staircase to the Orcish Mines.
 12655 | D:9      | Got a crude lead ring
 12656 | D:9      | Identified the ring "Todumeh" {rF+ Str+2 Dex+2} (You found it on level 9 of the Dungeon)
 12700 | D:9      | Reached ***** piety under Lugonu
 12735 | D:9      | Found Gozag's Platinum Reserve.
 12739 | D:9      | Found an opulent altar of Gozag.
 12781 | D:9      | Reached skill level 5 in Fighting
 12870 | D:9      | Found a sparkling altar of Nemelex Xobeh.
 12870 | D:9      | Found an iron altar of Okawaru.
 13323 | D:10     | Entered Level 10 of the Dungeon
 13333 | D:10     | Found a blossoming altar of Fedhas.
 13713 | D:10     | Gained mutation: You are robust (+10% HP). [potion of mutation]
 13713 | D:10     | Lost mutation: You are robust (+10% HP). [potion of mutation]
 13713 | D:10     | Gained mutation: You are resistant to hostile enchantments. [potion of mutation]
 13878 | D:10     | Got a bloodstained quarterstaff {freeze}
 13880 | D:10     | Identified the +1 quarterstaff of Cireob {freeze, rC++ Dex+5 SInv} (You took it off a kobold on level 10 of the Dungeon)
 14002 | D:10     | Reached skill level 10 in Fire Magic
 14713 | D:11     | Found a staircase to the Lair.
 14790 | D:11     | Found a portal to a secret trove of treasure.
 14940 | D:11     | Noticed a manticore
 14947 | D:11     | Killed a manticore
 15098 | D:11     | Noticed a soul eater
 15100 | D:11     | Noticed a sixfirhy
 15417 | D:12     | Noticed Shtopit's ghost (journeyman GrBe)
 15551 | D:12     | Reached skill level 1 in Staves
 15709 | D:12     | Noticed a green ugly thing
 15721 | D:12     | Killed a green ugly thing
 15721 | D:12     | Reached XP level 12. HP: 61/77 MP: 15/20
 15865 | D:12     | Found a stormy altar of Qazlal.
 16611 | D:12     | Banished Shtopit's ghost
 16678 | D:13     | Noticed a centaur warrior
 16703 | D:13     | Killed a centaur warrior
 16927 | D:13     | Noticed a catoblepas
 17144 | D:13     | Noticed a vault guard
 17172 | D:13     | Killed a vault guard
 17174 | D:13     | Noticed a centaur warrior
 17321 | D:13     | Noticed a catoblepas
 17342 | D:13     | Learned a level 3 spell: Ozocubu's Armour
 17374 | D:13     | Lost mutation: One of your tentacles bears a spike. [helix card]
 17374 | D:13     | Gained mutation: One of your tentacles bears a spike. [helix card]
 17504 | D:13     | Found a gate to the Vaults.
 17580 | D:13     | Noticed a tengu warrior
 17600 | D:13     | Killed a centaur warrior
 17646 | D:13     | Noticed a vault guard
 17661 | D:13     | Noticed a vault guard
 17737 | Lair:1   | Entered Level 1 of the Lair of Beasts
 18246 | Lair:1   | Reached skill level 11 in Fire Magic
 18382 | Lair:1   | Learned a level 2 spell: Repel Missiles
 18387 | Lair:1   | Learned a level 2 spell: Blink
 18977 | Lair:2   | Noticed a four-headed hydra
 19130 | Lair:2   | Killed a four-headed hydra
 19160 | Lair:2   | Identified a +0 rod of shadows (11/11) (You found it on level 1 of the Lair of Beasts)
 19402 | Lair:2   | Reached XP level 13. HP: 52/84 MP: 15/23
 19551 | Lair:2   | Reached skill level 10 in Stealth
 19730 | Lair:3   | Found a frozen archway.
 19795 | IceCv    | Entered an ice cave
 19994 | IceCv    | Reached skill level 1 in Evocations
 20697 | Lair:3   | Found a staircase to the Swamp.
 21361 | Lair:4   | Reached ****** piety under Lugonu
 21686 | Lair:4   | Gained mutation: You are partially covered in icy blue scales (AC +1). [potion of mutation]
 22239 | Lair:5   | Found a staircase to the Snake Pit.
 22400 | Lair:5   | Noticed baljet's ghost (journeyman VSAs)
 22401 | Lair:5   | Banished baljet's ghost
 22566 | Lair:5   | Reached skill level 10 in Invocations
 23036 | Lair:5   | Reached skill level 12 in Fire Magic
 24984 | Lair:7   | Found a runed door.
 24986 | Lair:7   | Found a viscous altar of Jiyva.
 24993 | Lair:7   | Reached XP level 14. HP: 79/92 MP: 25/25
 24995 | Lair:7   | Found a staircase to the Slime Pits.
 26017 | Lair:8   | Entered Level 8 of the Lair of Beasts
 27145 | Lair:8   | Noticed a dire elephant
 27526 | Orc:1    | Entered Level 1 of the Orcish Mines
 28015 | Orc:1    | Noticed Maud
 28558 | Orc:2    | Entered Level 2 of the Orcish Mines
 29333 | Orc:2    | Gained mutation: Your flesh is heat resistant. [potion of mutation]
 29333 | Orc:2    | Lost mutation: One of your tentacles bears a spike. [potion of mutation]
 29928 | Orc:2    | Learned a level 6 spell: Statue Form
 30025 | Orc:2    | Noticed an orc warlord
 30104 | Orc:2    | Found a roughly hewn altar of Beogh.
 30366 | Orc:2    | Found Saol's Book Boutique.
 30440 | Orc:2    | Found Kanun's General Store.
 30488 | Orc:2    | Bought a scroll of identify for 26 gold pieces
 30488 | Orc:2    | Bought a scroll of magic mapping for 45 gold pieces
 30502 | Orc:2    | Reached skill level 1 in Earth Magic
 30589 | Orc:2    | Reached skill level 1 in Transmutations
 30672 | Orc:2    | Banished an orc warlord
 30860 | Orc:2    | Reached skill level 13 in Fire Magic
 31058 | Orc:2    | Found a staircase to the Elven Halls.
 31552 | Orc:2    | Found a roughly hewn altar of Beogh.
 31640 | Orc:2    | Found Issonko's Magic Scroll Emporium.
 31674 | Orc:2    | Bought a scroll of enchant weapon for 97 gold pieces
 31674 | Orc:2    | Bought a scroll of blinking for 97 gold pieces
 31674 | Orc:2    | Bought a scroll of identify for 26 gold pieces
 31674 | Orc:2    | Bought a scroll of fog for 26 gold pieces
 31674 | Orc:2    | Bought a scroll of identify for 26 gold pieces
 31674 | Orc:2    | Bought a scroll of identify for 26 gold pieces
 31723 | Orc:2    | Found Leugg's Assorted Antiques.
 31731 | Orc:2    | Reached XP level 15. HP: 68/99 MP: 17/27
 31741 | Orc:2    | Bought a scroll labeled SUMEDE KAUSEENT for 27 gold pieces
 31741 | Orc:2    | Bought an emerald ring for 135 gold pieces
 31992 | Orc:1    | Banished Maud
 32379 | D:12     | Reached skill level 5 in Evocations
 33315 | D:13     | Gained mutation: You are agile. (Dex +2) [mutagenic meat]
 33316 | D:13     | Gained mutation: You can translocate small distances at will. [mutagenic meat]
 33329 | D:13     | Identified the Incunabulum of Moulding and the Birds
 33865 | D:14     | Gained mutation: You are weak. (Str -2) [potion of mutation]
 33865 | D:14     | Gained mutation: Your system is resistant to poisons. [potion of mutation]
 34291 | D:14     | Noticed a fire giant
 34291 | D:14     | Noticed a frost giant
 34292 | D:14     | Noticed a frost giant
 34901 | D:14     | Killed a frost giant
 35007 | D:14     | Killed a fire giant
 35075 | D:14     | Killed a frost giant
 35125 | D:14     | Identified a +2 rod of shadows (11/11) (You found it on level 14 of the Dungeon)
 35205 | D:15     | Entered Level 15 of the Dungeon
 35462 | D:15     | Found a basalt altar of Yredelemnul.
 35603 | D:15     | Found a staircase to the Depths.
 36213 | D:15     | Reached XP level 16. HP: 49/106 MP: 24/28
 37726 | Depths:1 | Entered Level 1 of the Depths
 37861 | D:14     | Gained mutation: One of your tentacles bears a spike. [mutagenic meat]
 37862 | D:14     | Gained mutation: One of your tentacles bears a nasty spike. [mutagenic meat]
 39558 | Lair:8   | Found a burning altar of Makhleb.
 39894 | Lair:8   | Found a gateway to Hell.
 40723 | D:6      | Bought a book of the Earth for 910 gold pieces
 40730 | D:6      | Learned a level 6 spell: Iron Shot
 40986 | Swamp:1  | Entered Level 1 of the Swamp
 41547 | Swamp:1  | Reached skill level 1 in Unarmed Combat
 42675 | Swamp:2  | Reached skill level 14 in Fire Magic
 42963 | Swamp:2  | Reached XP level 17. HP: 55/112 MP: 30/30
 43265 | Swamp:1  | Reached skill level 5 in Earth Magic
 43562 | Swamp:2  | Reached skill level 10 in Dodging
 43670 | Swamp:2  | Reached skill level 5 in Transmutations
 43920 | Swamp:3  | Noticed Kirke
 43941 | Swamp:3  | Killed Kirke
 43969 | Swamp:2  | Reached skill level 10 in Conjurations
 44098 | Swamp:2  | Reached skill level 1 in Shields
 44611 | Swamp:3  | Noticed Mara
 44945 | Swamp:4  | Entered Level 4 of the Swamp
 45112 | Swamp:3  | Killed Mara
 45234 | Swamp:3  | Reached skill level 10 in Spellcasting
 46656 | Swamp:4  | HP: 4/112 [seven-headed hydra (11)]
 46656 | Swamp:4  | Slain by a six-headed hydra

Skill      XL: |  1  2  3  4  5  6  7  8  9 10 11 12 13 14 15 16 17 |
---------------+----------------------------------------------------+-----
Fire Magic     | 4 5 6 7 8 9 10 11 12 13 14 | 14.0
Stealth        | 3 4 5 6 7 8 9 10 11 12 13 | 13.0
Conjurations   | 2 3 4 5 6 7 8 9 10 | 10.0
Fighting       | 1 3 4 5 6 7 8 9 |  9.0
Short Blades   | 1 3 4 5 |  5.0
Dodging        | 3 4 5 6 7 8 9 10 | 10.0
Spellcasting   | 3 4 5 6 7 8 9 10 | 10.2
Invocations    | 1 3 5 7 9 10 11 12 13 | 13.0
Staves         | 1 3 4 |  4.4
Evocations     | 3 4 6 7 8 |  8.1
Earth Magic    | 1 3 4 6 |  6.6
Transmutations | 1 3 4 5 |  5.9
Unarmed Combat | 2 4 |  4.8
Shields        | 2 |  2.8

Action                   |  1- 3 |  4- 6 |  7- 9 | 10-12 | 13-15 | 16-18 || total
-------------------------+-------+-------+-------+-------+-------+-------++-------
Melee: Unarmed           |    28 |    47 |       |       |       |       ||    75
       Constrict         |    18 |    41 |    32 |    59 |   145 |    47 ||   342
       Tentacles         |     9 |    42 |    22 |    68 |   161 |    79 ||   381
       Dagger            |    38 |   145 |   151 |   296 |   810 |   346 ||  1786
       Kick              |       |       |    12 |    99 |   151 |   101 ||   363
       Quarterstaff      |       |       |       |    83 |    37 |    38 ||   158
       Staff             |       |       |       |       |       |    16 ||    16
       Demon blade       |       |       |       |       |       |    11 ||    11
       Punch             |       |       |       |       |       |     3 ||     3
 Cast: Flame Tongue      |    21 |    20 |   149 |   173 |   186 |    53 ||   602
       Conjure Flame     |     1 |     2 |    12 |    18 |    24 |     3 ||    60
       Throw Flame       |       |     8 |     3 |     3 |    16 |     8 ||    38
       Sticky Flame      |       |       |     7 |    37 |   157 |   104 ||   305
       Fireball          |       |       |     6 |    39 |   154 |   228 ||   427
       Ozocubu's Armour  |       |       |       |     1 |     9 |     5 ||    15
       Repel Missiles    |       |       |       |     1 |     3 |     4 ||     8
       Blink             |       |       |       |       |     3 |     7 ||    10
       Iron Shot         |       |       |       |       |       |     8 ||     8
Invok: Depart the Abyss  |       |     1 |       |       |       |       ||     1
       Banish            |       |       |       |     7 |    16 |     6 ||    29
Evoke: Wand              |       |       |     2 |    11 |     5 |     8 ||    26
       Deck              |       |       |       |     1 |    11 |       ||    12
       Fan of gales      |       |       |       |     1 |       |     2 ||     3
       Sack of spiders   |       |       |       |       |     8 |     3 ||    11
       Rod               |       |       |       |       |     4 |    13 ||    17
       Phial of floods   |       |       |       |       |     1 |     1 ||     2
       Staff of energy   |       |       |       |       |       |     7 ||     7
  Use: Scroll            |       |     8 |     9 |    13 |    20 |    10 ||    60
       Potion            |       |       |     1 |     9 |     6 |     3 ||    19
 Stab: Sleeping          |     8 |    20 |    15 |    42 |    67 |     1 ||   153
       Distracted        |       |       |     1 |     3 |     6 |     1 ||    11
       Invisible         |       |       |       |     4 |       |       ||     4
       Paralysed         |       |       |       |       |     2 |     5 ||     7
  Eat: Chunk             |     5 |    12 |    17 |    31 |    63 |    27 ||   155
       Fruit             |       |       |       |     3 |    11 |     4 ||    18
       Beef jerky        |       |       |       |     6 |    10 |       ||    16
       Pizza             |       |       |       |     1 |     3 |     3 ||     7
       Meat ration       |       |       |       |       |       |     8 ||     8
Armor: Skin              |     5 |    11 |     1 |    66 |    49 |    29 ||   161
Dodge: Dodged            |    49 |    95 |    91 |   277 |   613 |   530 ||  1655
       Deflected         |       |       |       |       |     7 |    13 ||    20
